AoeStats
← Tingus Pingus

Arabia

509791850Analyzed
1v1 RM · 5d ago on Sep 28, 2026· 17m 18s· 2 players
Game mode
Random Map
Map size
Tiny (2 player)
Population
200
Speed
Normal
Resources
Standard
Victory
Conquest
Starting age
Dark Age
Ending age
Imperial Age
RankedLock teamsTeams togetherTeam positionsShared explorationLock speedFull tech treeHidden civsTurbo modeCheats
Victory
Defeat
🇦🇷 Aztecs · Argentina
1100
+16
🇨🇦 Magyars · Canada
1109
-16
Tha_Kela
7:42 Loom
10:15 Feudal Age
11:30 Arson
13:13 Scale Mail Armor
13:30 Forging
Tingus Pingus
6:45 Loom
9:15 Feudal Age
13:14 Horse Collar
13:19 Double-Bit Axe
Connection lost

Rejoining the realm…

Still unreachable

The connection could not be restored.

Session expired

The server has moved on; the page needs a fresh start.